 Dungeon Crawl Stone Soup version 0.28-a0-1435-g82390b3a13 (webtiles) character file.

Game seed: 6682332909852187018

199 anonymouscript the Covert (level 5, -9/28 HPs)
             Began as a Spriggan Delver on Jan 9, 2022.
             Mangled by a two-headed ogre (11 damage)
             ... on level 10 of the Dungeon.
             The game lasted 00:05:01 (707 turns).

anonymouscript the Covert (Spriggan Delver)          Turns: 707, Time: 00:05:01

Health: -9/28      AC:  2    Str:  8    XL:     5   Next: 48%
Magic:  6/6        EV: 18    Int: 12    God:
Gold:   90         SH:  0    Dex: 18    Spells: 4/4 levels left

rFire   . . .      SeeInvis +   a - +0 short sword
rCold   . . .      Faith    .   (no shield)
rNeg    + . .      Spirit   .   b - +0 robe
rPois   .          Reflect  .   (helmet restricted)
rElec   .          Harm     .   (no cloak)
rCorr   .          Rampage  .   (gloves unavailable)
Will    .....                   (boots unavailable)
Stlth   +++++.....              (no amulet)
HPRegen 0.09/turn               h - ring of positive energy
MPRegen 0.10/turn               (no ring)

@: very quick
A: very small, no large weapons, unfitting armour, see invisible, speed 3
a: no special abilities


You were on level 10 of the Dungeon.
You visited 1 branch of the dungeon, and saw 6 of its levels.

You collected 90 gold pieces.

Inventory:

Hand Weapons
 a - a +0 short sword (weapon)
Armour
 b - a +0 robe (worn)
Jewellery
 h - a ring of positive energy (left hand)
Wands
 g - a wand of digging (3)
 m - a wand of charming (8)
 o - a wand of flame (13)
Scrolls
 c - a scroll of fog
 d - a scroll of magic mapping
 k - a scroll of teleportation {unknown}
 l - a scroll of identify {unknown}
 n - a scroll of noise {unknown}
 p - a scroll of enchant armour {unknown}
Potions
 f - a potion of haste
 i - a potion of brilliance {unknown}
 j - a potion of invisibility {unknown}


   Skills:
 + Level 3.0 Fighting
 + Level 2.6 Short Blades
 + Level 3.0 Dodging
 + Level 10.3 Stealth


You had 4 spell levels left.
You didn't know any spells.
Your spell library was empty.

Dungeon Overview and Level Annotations

Branches:
Dungeon (10/15)
 Temple: D:4-7         Lair: D:8-11         Orc: D:9-12

Altars:


Innate Abilities, Weirdness & Mutations

You are very small and have problems with some larger weapons.
You are too small for most types of armour.
You have supernaturally acute eyesight. (SInv)
You cover ground extremely quickly. (Speed+++)


Message History

The ogre mage shouts!
The killer bee buzzes angrily.
You hear a shout!
You hear two shouts!
You hear an angry buzzing noise. 2 killer bees and a tengu conjurer come into view.
Found 20 stones.
The killer bee buzzes angrily.
The ogre shouts!
You hear two shouts!
The killer bee stings you. The killer bee barely misses you.
The two-headed ogre barely misses you. The two-headed ogre closely misses you.
The killer bee barely misses you. x2; The killer bee stings you!
* * * LOW HITPOINT WARNING * * *
Aiming: Dig
Press: ? - help, Shift-Dir - straight line You can't see that place. [the floor.]
Okay, then.
Unknown command.
The ogre shouts!
The killer bee buzzes angrily. x2
You hit the ogre mage but do no damage. The killer bee closely misses you.
The killer bee stings you.
* * * LOW HITPOINT WARNING * * *
The killer bee misses you. The ogre mage misses you. The killer bee misses you.
As you read the scroll of fear, it crumbles to dust.
You assume a fearsome visage.
The ogre mage looks frightened!
The two-headed ogre resists with some effort.
The ogre looks frightened!
The killer bee looks frightened! x5
The gnoll looks frightened!
The killer bee looks frightened! x3
The ogre mage casts a spell.
The ogre mage flickers and vanishes for a moment.
A two-headed ogre comes into view. It is wielding two +0 giant clubs.
A two-headed ogre comes into view.
It is wielding a +0 dire flail and a +0 giant club.
Aiming: Charm
Press: ? - help, Shift-Dir - straight line, f - ogre mage
Aim: an ogre mage, wielding a +0 whip and wearing a +0 robe (slightly transparent, fleeing, chance to affect: 7%)
Okay, then.
Aiming: Charm
Press: ? - help, Shift-Dir - straight line, f - two-headed ogre
Aim: a two-headed ogre, wielding two +0 giant clubs (chance to affect: 31%)
The two-headed ogre easily resists.
The two-headed ogre closely misses you.
The two-headed ogre hits you with a +0 giant club!
You die...

#......(....g.y ..
#####.............)
.(.
..##.y......#####.
...###.##........#
#.
.....#.##yy......#
#.
.........y.......#
##
..Q..O>............
+
...$.#O.#.######.###
# .... #@.#... ... .
.. #..#.### ##
#OO#.# ......
.##y#.# . .O... .
..y .# ##..#


You could see 3 two-headed ogres, an ogre mage (invisible, fleeing), an ogre and
6 killer bees.

Vanquished Creatures
  A water moccasin (D:8)
  A bullfrog (D:8)
  3 gnolls
  An orc (D:9)
6 creatures vanquished.

Notes
Turn   | Place    | Note
-------+----------+-------------------------------------------
     0 | D:5      | anonymouscript the Spriggan Delver began the quest for the
                  | Orb.
     0 | D:5      | Reached XP level 1. HP: 11/11 MP: 2/2
    19 | D:5      | Noticed a gnoll shaman
   218 | D:7      | Noticed a killer bee
   284 | D:8      | Noticed a bullfrog
   285 | D:8      | Killed a bullfrog
   286 | D:8      | Reached skill level 9 in Stealth
   286 | D:8      | Reached XP level 2. HP: 16/16 MP: 3/3
   286 | D:8      | Reached XP level 3. HP: 19/19 MP: 4/4
   303 | D:8      | Noticed a water moccasin
   307 | D:8      | Killed a water moccasin
   308 | D:8      | Reached skill level 10 in Stealth
   308 | D:8      | Reached XP level 4. HP: 24/24 MP: 5/5
   308 | D:8      | Reached XP level 5. HP: 28/28 MP: 6/6
   352 | D:9      | Noticed an orc warrior
   383 | D:10     | Entered Level 10 of the Dungeon
   383 | D:10     | Noticed a centaur
   383 | D:10     | Noticed a yak
   383 | D:10     | Noticed a yak
   383 | D:10     | Noticed a yak
   383 | D:10     | Noticed a yak
   383 | D:10     | Noticed a yak
   384 | D:10     | Noticed a yak
   656 | D:10     | Noticed an acid dragon
   699 | D:10     | Noticed an ogre mage
   699 | D:10     | Noticed a two-headed ogre
   700 | D:10     | Noticed a two-headed ogre
   700 | D:10     | Noticed an ogre
   700 | D:10     | Noticed an ogre
   702 | D:10     | Noticed a tengu conjurer
   706 | D:10     | Noticed a two-headed ogre
   706 | D:10     | Noticed a two-headed ogre
   707 | D:10     | Mangled by a two-headed ogre

Illustrated notes

Levels and vault maps discovered:
D:5:      layout_rooms, ebering_ghost_disaster_area
D:6:      layout_basic, minmay_temple_entry_statues, minmay_gold_behind_fungi,
          uniq_pikel
D:7:      layout_basic, serial_curves, eino_curves_02, eino_curves_02,
          eino_curves_02, item_on_display_a
D:8:      layout_loops_ring
D:9:      layout_loops_corners, minmay_door_square
D:10:     layout_basic, mainiacjoe_overflow_tiny_flanked

Skill      XL: |  1  2  3 |
---------------+----------+-----
Stealth        | 9 10 | 10.3
Fighting       | 3 |  3.0
Dodging        | 3 |  3.0
Short Blades   | |  2.6

Action                   |  1- 3 |  4- 6 || total
-------------------------+-------+-------++-------
Melee: Short sword       |     2 |    21 ||    23
       Punch             |       |     2 ||     2
Evoke: Wand              |       |     2 ||     2
  Use: Scroll            |       |     1 ||     1
 Stab: Sleeping          |     2 |     2 ||     4
Dodge: Dodged            |       |    33 ||    33

Table legend: (Time is in decaauts)
 A = Elapsed time spent in this place.
 B = Non-inter-level travel time spent in this place.
 C = Inter-level travel time spent in this place.
 D = Time resting spent in this place.
 E = Time spent auto-exploring this place.
 F = Levels seen in this place.
 G = Mean time per level.
                   A        B        C        D        E       F      G
               +--------+--------+--------+--------+--------+-----+--------+
         Total |    535 |    535 |      0 |    222 |     96 |   6 |   89.2 |
       Dungeon |    535 |    535 |      0 |    222 |     96 |   6 |   89.2 |
               +--------+--------+--------+--------+--------+-----+--------+

Top non-repeatable levels by time:
     D:9: 280 daAuts
     D:7: 149 daAuts
    D:10: 49 daAuts
     D:8: 31 daAuts
     D:5: 20 daAuts
     D:6: 4 daAuts
